 Dungeon Crawl Stone Soup version 0.23.2-1-ga50397a (webtiles) character file.

Game seed: 4561870426404702372

84 MalarOregon the Digger (level 4, 0/32 (35) HPs)
             Began as a Ghoul Earth Elementalist on June 2, 2019.
             Slain by a gnoll
             ... wielding a +0 whip
              (7 damage)
             ... on level 3 of the Dungeon.
             The game lasted 00:04:06 (1738 turns).

MalarOregon the Digger (Ghoul Earth Elementalist)   Turns: 1738, Time: 00:04:06

HP:   0/32 (35)     AC:  2    Str: 11    XL:     4   Next: 45%
MP:   0/6           EV: 12    Int: 11    God:
Gold: 107           SH:  0    Dex:  9    Spells: 3/7 levels left

rFire    . . .     SeeInvis .     - Unarmed
rCold    + . .     Gourm    .   (no shield)
rNeg     + + +     Faith    .   c - +0 robe
rPois    ∞         Spirit   .   (no helmet)
rElec    .         Reflect  .   (no cloak)
rCorr    .         Harm     .   (no gloves)
MR       +....                  (no boots)
Stlth    ++........             (no amulet)
HPRegen  0.00/turn              n - ring of flight (curse)
MPRegen  0.10/turn              l - ring of protection from magic

@: rotting
A: rotting body, claws 1, carnivore, cold resistance 1, negative energy
resistance 3, inhibited regeneration, torment resistance, unbreathing
a: Evoke Flight


You were on level 3 of the Dungeon.
You were not hungry.

You visited 1 branch of the dungeon, and saw 3 of its levels.

You collected 107 gold pieces.

Inventory:

Missiles
 b - 84 stones (quivered)
 f - a throwing net {!f}
Armour
 c - a +0 robe (worn)
Jewellery
 k - a +2 ring of intelligence {unknown}
   (You found it on level 2 of the Dungeon)
 l - a ring of protection from magic (right claw)
   (You found it on level 1 of the Dungeon)
 n - a cursed ring of flight (left claw)
   (You found it on level 2 of the Dungeon)
Wands
 g - a wand of scattershot (9)
   (You found it on level 2 of the Dungeon)
Scrolls
 d - 3 scrolls of teleportation {unknown}
 h - a scroll of blinking {unknown}
 i - a scroll of enchant weapon {unknown}
 m - 2 scrolls of remove curse {unknown}
Potions
 a - 2 potions of lignification {unknown}
 j - a potion of magic {unknown}
Comestibles
 e - 4 rations {!d}


   Skills:
 + Level 1.6 Fighting
 - Level 2.0 Dodging
 + Level 3.0 Stealth
 + Level 1.7 Unarmed Combat
 - Level 2.0 Spellcasting
 + Level 0.6 Conjurations
   Level 0.8 Transmutations
 + Level 3.7 Earth Magic


You had 3 spell levels left.
You knew the following spells:

 Your Spells              Type           Power        Failure   Level  Hunger
a - Sandblast             Erth           #.....       6%          1    ##.....
x - Stone Arrow           Conj/Erth      #.....       34%         3    ####...

Your spell library contained the following spells:

 Spells                   Type           Power        Failure   Level  Hunger
 Passwall                 Tmut/Erth      #.......     17%         2    ###....
 Petrify                  Tmut/Erth      #.......     75%         4    #####..
 Lee's Rapid Deconstruct  Erth           #.........   86%         5    ######.


Dungeon Overview and Level Annotations

Branches:
Dungeon (3/15)

Altars:
Elyvilon
Fedhas
Gozag
Nemelex Xobeh
Vehumet
The Shining One


Innate Abilities, Weirdness & Mutations

Your body is rotting away.
You thrive on raw meat.
You are immune to poison.
You have sharp fingernails.
You are carnivorous and can eat meat at any time.
Your flesh is cold resistant. (rC+)
You are immune to negative energy. (rN+++)
You do not regenerate when monsters are visible.
You are immune to unholy pain and torment.
You can survive without breathing.


Message History

A bat is nearby!
The bat closely misses you.
You barely miss the bat. The bat barely misses you. The bat misses you.
You scratch the bat but do no damage. The bat hits you.
You scratch the bat.
You kill the bat!
No target in view!
A worm comes into view.
A worm is nearby!
A worm is nearby!
A bat comes into view.
There is an escape hatch in the ceiling here.
A rat comes into view.
A worm and a gnoll come into view.
There is an escape hatch in the ceiling here.
Aim: a bat The blast of sand hits the bat!
You kill the bat!
b - 90 stones
Aim: a worm The blast of sand hits the worm.
b - 89 stones
Aim: a worm (moderately wounded)
The blast of sand hits the worm.
b - 88 stones
Aim: a worm (moderately wounded)
The blast of sand hits the worm!
b - 87 stones The worm closely misses you.
Aim: a worm (almost dead)
The blast of sand hits the worm!
You kill the worm!
b - 86 stones The gnoll hits you with a +0 whip.
Aim: a rat The blast of sand hits the rat.
You kill the rat!
b - 85 stones The gnoll hits you but does no damage.
You scratch the gnoll. The gnoll closely misses you.
You closely miss the gnoll. The gnoll hits you with a +0 whip!
You barely miss the gnoll. The gnoll barely misses you.
You closely miss the gnoll. The gnoll hits you with a +0 whip!
* * * LOW HITPOINT WARNING * * *
Aim: a gnoll, wielding a +0 whip (moderately wounded)
The blast of sand hits the gnoll!
b - 84 stones The gnoll closely misses you.
You barely miss the gnoll. The gnoll hits you with a +0 whip!
You die...

###################.
....................
.
###....####.######...
#....# ##..........
#####....#
#...<....#.
.......@.# #........#
.####.g†.# #.......##
#...$# #......##
#....# #.....##
#...........##..
........#...## 8.
#....#.#...## ._.
#.... .###.. #.... ..
...


You could see a gnoll.

Vanquished Creatures
  Terence (D:2)
  A gnoll (D:1)
  An adder (D:2)
  2 worms
  A dart slug (D:2)
  3 goblins
  2 hobgoblins (D:1)
  6 jackals
  5 kobolds (D:1)
  4 bats
  2 frilled lizards
  10 rats
38 creatures vanquished.

Notes
Turn   | Place    | Note
-------+----------+-------------------------------------------
     0 | D:1      | MalarOregon the Ghoul Earth Elementalist began the quest
                  | for the Orb.
     0 | D:1      | Reached XP level 1. HP: 14/14 MP: 2/2
    29 | D:1      | Reached XP level 2. HP: 22/22 MP: 0/3
   277 | D:1      | Reached skill level 1 in Unarmed Combat
   287 | D:1      | Reached XP level 3. HP: 11/27 MP: 5/5
   303 | D:1      | Reached skill level 1 in Fighting
   744 | D:2      | Learned a level 3 spell: Stone Arrow
   765 | D:2      | Found a sparkling altar of Nemelex Xobeh.
   765 | D:2      | Found an opulent altar of Gozag.
   767 | D:2      | Found a blossoming altar of Fedhas.
   768 | D:2      | Found a radiant altar of Vehumet.
   962 | D:2      | Noticed Terence
  1052 | D:2      | HP: 1/28 [Terence/+0 mace (3)]
  1053 | D:2      | Killed Terence
  1053 | D:2      | Reached XP level 4. HP: 2/35 MP: 3/6
  1555 | D:2      | Found a faded altar of an unknown god.
  1582 | D:2      | Found a white marble altar of Elyvilon.
  1707 | D:3      | Found a glowing golden altar of the Shining One.
  1738 | D:3      | Slain by a gnoll

Skill      XL: |  1  2  3 |
---------------+----------+-----
Spellcasting   | 2 |  2.0
Dodging        | 2 |  2.0
Unarmed Combat | 1 |  1.7
Fighting       | 1 |  1.6
Stealth        | 3 |  3.0
Conjurations   | |  0.6
Transmutations | |  0.8
Earth Magic    | |  3.7

Action                   |  1- 3 |  4- 6 || total
-------------------------+-------+-------++-------
Melee: Unarmed           |   131 |    22 ||   153
       Punch             |       |     1 ||     1
 Cast: Sandblast         |    11 |     8 ||    19
  Use: Potion            |     3 |       ||     3
 Stab: Sleeping          |       |     2 ||     2
  Eat: Chunk             |    17 |       ||    17
Armor: Robe              |    17 |       ||    17
Dodge: Dodged            |    95 |     9 ||   104
